 Dungeon Crawl Stone Soup version 0.31.0-11-ge490571c62 (webtiles) character file.

Game seed: 6121942098005500422

252 Gadfly the Insei (level 5, -8/61 HPs)
             Began as a Demonspawn Monk on Jan 28, 2024.
             Mangled by a sickly merfolk siren (15 damage)
             ... in a sewer.
             The game lasted 00:09:02 (3302 turns).

Gadfly the Insei (Demonspawn Monk)                  Turns: 3302, Time: 00:09:02

Health: -8/61      AC:  2    Str: 13    XL:     5   Next: 89%
Magic:  5/5        EV: 13    Int: 10    God:
Gold:   1174       SH:  9    Dex: 16    Spells: 4/4 levels left

rFire   . .          .
                       - Unarmed
rCold   + . .        c - orb {light}
rNeg    . . .        a - +0 robe
rPois   .            (helmet restricted)
rElec   .            (no cloak)
rCorr   .            (no gloves)
SInv    .            (no boots)
Will    +....        f - amulet of reflection Stlth
                     d - ring "Reanec" {rC+ Will+ Stlth+}
HPRegen 0.30/turn    (no ring)
MPRegen 0.09/turn

%: reflection
@: berserking, glowing, slow
A: horns 1, sturdy frame 1, condensation shield
a: no special abilities


You were in a sewer.
You visited 1 branch of the dungeon, and saw 4 of its levels.
You also visited: Sewer.

You collected 1174 gold pieces.

Inventory:

Armour
 a - a +0 robe (worn)
 c - an orb of light (worn)
Jewellery
 d - the ring "Reanec" (left hand) {rC+ Will+ Stlth+}
   (You acquired it on level 1 of the Dungeon)

   [ring of protection from cold]

   rC+:       It protects you from cold.
   Will+:     It increases your willpower.
   Stlth+:    It makes you more stealthy.
 f - an amulet of reflection (around neck)
Scrolls
 l - a scroll of vulnerability {unknown}
Potions
 i - a potion of resistance
 j - 2 potions of haste {unknown}
 k - a potion of attraction {unknown}
 n - a potion of curing {unknown}


   Skills:
 + Level 3.3 Fighting
 + Level 3.3 Dodging
 * Level 3.6 Unarmed Combat
 * Level 3.0 Evocations
 * Level 2.2 Shapeshifting


You had 4 spell levels left.
You didn't know any spells.
Your spell library contained the following spells:

 Spells                   Type           Power      Damage    Failure   Level
 Lesser Beckoning         Tloc           0%         N/A       50%         2
 Gell's Gravitas          Tloc           0%         N/A       75%         3
 Stone Arrow              Conj/Erth      0%         3d7       75%         3
 Teleport Other           Tloc           0%         N/A       75%         3
 Animate Armour           Summ/Erth      0%         N/A       98%         4
 Lehudib's Crystal Spear  Conj/Erth      0%         10d2      100%        8


Dungeon Overview and Level Annotations

Branches:
Dungeon (4/15)              Sewer (1/1)
 Temple: D:4-7

Altars:
Qazlal


Innate Abilities, Weirdness & Mutations

You have a pair of small horns on your head.
Your movements are slightly less encumbered by armour. (ER -2)
A meltable shield of frost defends you. (SH +4)


Message History

You resist with almost no effort.
You hit the sickly merfolk siren.
The sickly merfolk siren is heavily wounded.
The river rat twitches its whiskers.
The sickly merfolk siren chants a haunting song.
You resist with almost no effort.
You hit the sickly merfolk siren but do no damage.
You headbutt the sickly merfolk siren, but do no damage.
The sickly merfolk siren is heavily wounded.
The sickly merfolk siren hits you!
* * * LOW HITPOINT WARNING * * *
You are too injured to fight recklessly!
You are too injured to fight recklessly!
You are too injured to fight recklessly!
You are too injured to fight recklessly!
You are too injured to fight recklessly!
You are too injured to fight recklessly!
You are too injured to fight recklessly!
You are too injured to fight recklessly!
You are too injured to fight recklessly!
You are too injured to fight recklessly!
You are too injured to fight recklessly!
You are too injured to fight recklessly!
You are too injured to fight recklessly!
You are too injured to fight recklessly!
You are too injured to fight recklessly!
You are too injured to fight recklessly!
You are too injured to fight recklessly!
You are too injured to fight recklessly!
You are too injured to fight recklessly!
Unknown command.
You aren't carrying any items that you can evoke.
A red film seems to cover your vision as you go berserk!
You feel yourself moving faster!
You feel mighty! The sickly merfolk siren hits you!
* * * LOW HITPOINT WARNING * * *
You are too injured to fight recklessly!
Your unstable footing causes you to fumble your attack.
The sickly merfolk siren hits you!
You die...

. ..# ### ~... ..#
~~~~~ #.# #≈≈≈#.# ####
#≈rr#############..###
#≈Srm@~~~~†~~~~..÷..~~
##########≈~≈≈≈≈≈≈≈~≈≈
###############
#∩∩~~~~.......†
###~~~.######## ##~.##
# #### #


You could see a sickly merfolk siren, a river rat, a ball python and 2 rats.

Vanquished Creatures
  A crocodile (Sewer)
  3 adders
  3 river rats
  3 ribbon worms (D:3)
  2 dart slugs
  2 orcs (D:3)
  16 bats
  8 endoplasms
  5 giant cockroaches
  7 hobgoblins
  9 jackals
  5 kobolds
  4 quokkas
  11 ball pythons
  6 frilled lizards
  4 goblins
  12 rats
101 creatures vanquished.

Notes
Turn   | Place    | Note
-------+----------+-------------------------------------------
     0 | D:1      | Gadfly the Demonspawn Monk began the quest for the Orb.
     0 | D:1      | Reached XP level 1. HP: 18/18 MP: 1/1
   126 | D:1      | Gained mutation: You have a pair of small horns on your
                  | head. [demonic ancestry]
   126 | D:1      | Reached XP level 2. HP: 20/24 MP: 2/2
   137 | D:1      | Reached skill level 1 in Evocations
   148 | D:1      | Identified 2 scrolls of acquirement
   207 | D:1      | Acquired 1046 gold pieces
   221 | D:1      | Acquired the ring "Reanec" {rC+ Will+ Stlth+}
   302 | D:1      | Reached skill level 1 in Shapeshifting
   313 | D:1      | Reached XP level 3. HP: 11/29 MP: 3/3
  1747 | D:3      | Gained mutation: Your movements are slightly less
                  | encumbered by armour. (ER -2) [demonic ancestry]
  1747 | D:3      | Reached XP level 4. HP: 35/35 MP: 4/4
  1914 | D:3      | Found a stormy altar of Qazlal.
  2897 | D:4      | Found a glowing drain.
  2916 | D:4      | Gained mutation: A meltable shield of frost defends you.
                  | (SH +4) [demonic ancestry]
  2916 | D:4      | Reached XP level 5. HP: 5/41 MP: 5/5
  2918 | D:4      | HP: 2/41 [poisoned by an adder]
  2930 | Sewer    | Entered a sewer
  3019 | Sewer    | Noticed a crocodile
  3045 | Sewer    | Killed a crocodile
  3302 | Sewer    | Mangled by a sickly merfolk siren

Illustrated notes

Levels and vault maps discovered:
D:1:      dpeg_arrival_three_same_balls, layout_loops_ring, minmay_pentomino_w4
D:2:      layout_loops_ring
D:3:      layout_basic, lemuel_doored_altar, roderic_batcave, st_stairs_6,
          minmay_crystal_water, minmay_fractal_squares_5
D:4:      layout_rooms, kennysheep_mini, mainiacjoe_overflow_surrounded_room,
          portal_sewer_entry_e, uniq_pargi
Sewer:    sewer_sea

Skill      XL: |  1  2  3  4  5 |
---------------+----------------+-----
Evocations     | 1 2 3 |  3.0
Shapeshifting  | 1 2 |  2.2
Dodging        | 3 |  3.3
Unarmed Combat | 3 |  3.6
Fighting       | |  3.3

Action                     |  1- 3 |  4- 6 || total
---------------------------+-------+-------++-------
  Melee: Unarmed           |   166 |   180 ||   346
         Headbutt          |    31 |    30 ||    61
    Use: Scroll            |     7 |     3 ||    10
         Potion            |     3 |     4 ||     7
   Stab: Sleeping          |     3 |     1 ||     4
 Armour: Robe              |    93 |    84 ||   177
         Skin              |       |    22 ||    22
  Dodge: Dodged            |   154 |   128 ||   282
